 Dungeon Crawl Stone Soup version 0.28.0-53-g5a82cb258f (webtiles) character file.

Game seed: 15076816332793389782

23 cbfl8 the Skirmisher (level 2, -2/40 HPs)
             Began as a Minotaur Berserker on July 26, 2022.
             Was a Follower of Trog.
             Slain by a gnoll
             ... wielding a +0 whip
              (8 damage)
             ... on level 2 of the Dungeon.
             The game lasted 00:00:54 (1674 turns).

cbfl8 the Skirmisher (Minotaur Berserker)           Turns: 1674, Time: 00:00:54

Health: -2/40      AC:  2    Str: 21    XL:     2   Next: 75%
Magic:  1/1        EV: 12    Int:  4    God:    Trog [*.....]
Gold:   38         SH:  0    Dex:  9    Spells: 1/1 levels left

rFire   . . .      SeeInvis .   a - +0 hand axe
rCold   . . .      Faith    .   d - orb {light}
rNeg    . . .      Spirit   .   b - +0 animal skin
rPois   .          Reflect  .   (helmet restricted)
rElec   .          Harm     .   (no cloak)
rCorr   .          Rampage  .   (no gloves)
Will    .....                   (no boots)
Stlth   ..........              (no amulet)
HPRegen 0.13/turn               (no ring)
MPRegen 0.07/turn               (no ring)

@: berserking, glowing, very quick
A: horns 2, retaliatory headbutt
a: Renounce Religion, Berserk


You were on level 2 of the Dungeon.
You worshipped Trog.
Trog was aware of your devotion.
You visited 1 branch of the dungeon, and saw 2 of its levels.

You collected 38 gold pieces.

Inventory:

Hand Weapons
 a - a +0 hand axe (weapon)
Armour
 b - a +0 animal skin (worn)
 d - an orb of light (worn)
Jewellery
 g - an amulet of magic regeneration
Scrolls
 c - a scroll of teleportation {unknown}
Potions
 e - 2 potions of curing {unknown}
 f - a potion of brilliance {unknown}
 h - 2 potions of mutation {unknown}


   Skills:
 * Level 4.1 Fighting
 + Level 4.0 Axes
 + Level 2.7 Armour
 * Level 2.4 Dodging
 * Level 0.1 Stealth


You had one spell level left.
You didn't know any spells.
Your spell library was empty.

Dungeon Overview and Level Annotations

Branches:
Dungeon (2/15)

Altars:


Innate Abilities, Weirdness & Mutations

You have a pair of horns on your head.
You reflexively headbutt those who attack you in melee.


Message History

You hit the ball python.
The ball python is moderately wounded.
The ball python barely misses you. You furiously retaliate!
You headbutt the ball python!
You kill the ball python!
Trog accepts your kill.
A bat and a gnoll come into view.
The gnoll shouts!
You hear a shout!
A gnoll comes into view. It is wielding a +0 whip.
The bat hits you but does no damage.
There are monsters nearby!
A hobgoblin comes into view.
The hobgoblin shouts!
The bat closely misses you.
A gnoll comes into view. It is wielding a +0 whip.
There are monsters nearby!
The bat barely misses you. The gnoll misses you.
There are monsters nearby!
You hit the gnoll. Your headbutt misses the gnoll.
The gnoll is moderately wounded.
You hit the gnoll. You barely miss the bat. The bat barely misses you.
The gnoll hits you with a +0 spear. The gnoll hits you with a +0 whip!
There are monsters nearby!
You hit the gnoll but do no damage.
The gnoll is moderately wounded.
You hit the hobgoblin. You barely miss the gnoll. The bat barely misses you.
The gnoll hits you with a +0 spear. The gnoll barely misses you.
You furiously retaliate!
You headbutt the gnoll! The hobgoblin barely misses you.
You furiously retaliate!
You headbutt the hobgoblin!
You kill the hobgoblin!
Trog accepts your kill.
You are too injured to fight recklessly!
Unknown command.
A red film seems to cover your vision as you go berserk!
You feel yourself moving faster!
You feel mighty! The gnoll hits you with a +0 spear!
* * * LOW HITPOINT WARNING * * *
The gnoll hits you with a +0 whip!
You die...

#...# #...#
#...# ##. #....
....
#####...###.#..
.......b......#
......ggg......
.......@......#
#####...###.#.#
#..........
#...#######
#...# ####...#
####.<....####
.#..........#
##
#.......###.###


You could see 3 gnolls and a bat.

Vanquished Creatures
  An endoplasm (D:1)
  A giant cockroach (D:1)
  5 goblins
  5 hobgoblins
  A quokka (D:1)
  A ball python (D:2)
  A bat (D:1)
  2 frilled lizards (D:1)
  A kobold (D:1)
  3 rats (D:1)
21 creatures vanquished.

Vanquished Creatures (others)
  A fungus (D:1)
1 creature vanquished.

Grand Total: 22 creatures vanquished

Notes
Turn   | Place    | Note
-------+----------+-------------------------------------------
     0 | D:1      | cbfl8 the Minotaur Berserker began the quest for the Orb.
     0 | D:1      | Reached XP level 1. HP: 19/19 MP: 0/0
    42 | D:1      | Found a faded altar of an unknown god.
   673 | D:1      | Reached XP level 2. HP: 27/27 MP: 1/1
  1674 | D:2      | Slain by a gnoll

Illustrated notes

Levels and vault maps discovered:
D:1:      saegor_arrival_simple_d, layout_loops_corners, serial_aquarium,
          aquarium_bridge_straight [aquarium_subvault_bridge,
          aquarium_subvault_wall, aquarium_subvault_bridge,
          aquarium_subvault_wall], aquarium_bridge_square
          [aquarium_subvault_wall, aquarium_subvault_balcony,
          aquarium_subvault_wall, aquarium_subvault_bridge],
          aquarium_window_fake, aquarium_window_corridor_1, aquarium_view_2a,
          aquarium_balcony_3b, aquarium_pool_side,
          dreamdust_ecumenical_altar_grove, grunt_decor_mini_mirrors,
          minmay_misc_feat_encased
D:2:      layout_loops_cross, basic_altar, nrook_mini_backslash

Skill      XL: |  1  2 |
---------------+-------+-----
Fighting       | 4 |  4.1
Axes           | 4 |  4.0
Armour         | |  2.7
Dodging        | |  2.4
Stealth        | |  0.1

Action                   || total
-------------------------++-------
Melee: Hand axe          ||    58
       Headbutt          ||     5
Invok: Berserk           ||     1
Armor: Animal skin       ||    12
Dodge: Dodged            ||    37
